 Dungeon Crawl Stone Soup version 0.30-a0-614-ge5ea1257c2 (webtiles) character file.

Game seed: 16402277194569321827

93 Oxelix the Covert (level 4, -7/22 HPs)
             Began as a Spriggan Brigand on Jan 9, 2023.
             Killed from afar by Ijyb (16 damage)
             ... with an iceblast
             ... on level 3 of the Dungeon.
             The game lasted 00:04:10 (1774 turns).

Oxelix the Covert (Spriggan Brigand)                Turns: 1774, Time: 00:04:11

Health: -7/22      AC:  3    Str:  7    XL:     4   Next: 37%
Magic:  5/5        EV: 16    Int: 12    God:
Gold:   109        SH:  0    Dex: 18    Spells: 3/3 levels left

rFire   + . .      SeeInvis +    a - +2 dagger
rCold   . . .      Faith    .    (no shield)
rNeg    . . .      Spirit   .    b - +0 robe
rPois   .          Reflect  .    (helmet restricted)
rElec   .          Harm     .    c - +0 cloak
rCorr   .          Rampage  .    (gloves unavailable)
Will    .....                    (boots unavailable)
Stlth   ++++                     (no amulet)
HPRegen 0.23/turn                o - ring of protection from fire
MPRegen 0.09/turn                (no ring)

@: very quick
A: very small, no large weapons, unfitting armour, see invisible, speed 3
a: no special abilities


You were on level 3 of the Dungeon.
You visited 1 branch of the dungeon, and saw 3 of its levels.

You collected 109 gold pieces.

Inventory:

Hand Weapons
 a - a +2 dagger (weapon)
Missiles
 d - 9 poisoned darts
 e - 2 curare-tipped darts (quivered)
Armour
 b - a +0 robe (worn)
 c - a +0 cloak (worn)
Jewellery
 o - a ring of protection from fire (left hand)
Scrolls
 h - 4 scrolls of amnesia {unknown}
 i - a scroll of vulnerability {unknown}
 j - 2 scrolls of identify {unknown}
 k - a scroll of immolation {unknown}
 l - a scroll of fear {unknown}
 n - a scroll of teleportation {unknown}
Potions
 f - a potion of flight {unknown}
 g - a potion of ambrosia {unknown}
 m - a potion of might {unknown}
 p - a potion of heal wounds {unknown}
 q - a potion of haste {unknown}


   Skills:
 - Level 1.5 Fighting
 + Level 3.4 Short Blades
 - Level 2.0 Throwing
 - Level 1.3 Dodging
 * Level 8.1 Stealth


You had 3 spell levels left.
You didn't know any spells.
Your spell library was empty.

Dungeon Overview and Level Annotations

Branches:
Dungeon (3/15)

Altars:
Cheibriados
Zin

Shops:
D:3 *

Annotations:
D:3 Ijyb


Innate Abilities, Weirdness & Mutations

You are very small and have problems with some larger weapons.
You are too small for most types of armour.
You have supernaturally acute eyesight. (SInv)
You cover ground extremely quickly. (Speed+++)


Message History

You hit the worm.
The worm is severely wounded.
You barely miss the worm.
The worm is severely wounded.
Ijyb hits you with a +0 club. The worm barely misses you.
You hit the worm.
The worm is almost dead.
Ijyb hits you with a +0 club.
Throw: 14 darts (poison)
Press: ? - help, Q - select action, (/) - cycle Shift-Dir - straight line, f - Ijyb
Aim: Ijyb, wielding a +0 club, wearing a +0 scale mail and carrying a wand of iceblast (7) (58% to hit)
You throw a poisoned dart. The poisoned dart barely misses Ijyb.
Throw: 13 darts (poison)
Press: ? - help, Q - select action, (/) - cycle Shift-Dir - straight line, f/p - Ijyb
Aim: Ijyb, wielding a +0 club, wearing a +0 scale mail and carrying a wand of iceblast (7) (58% to hit)
You throw a poisoned dart. The poisoned dart hits Ijyb.
Ijyb is poisoned.
Ijyb zaps a wand.
The mass of ice explodes!
The iceblast engulfs you.
Ijyb drinks a potion.
Ijyb looks more healthy.
Throw: 12 darts (poison)
Press: ? - help, Q - select action, (/) - cycle Shift-Dir - straight line, f/p - Ijyb
Aim: Ijyb, wielding a +0 club, wearing a +0 scale mail and carrying a wand of iceblast (6) (58% to hit)
You throw a poisoned dart. The poisoned dart hits Ijyb.
Ijyb is poisoned.
Throw: 11 darts (poison)
Press: ? - help, Q - select action, (/) - cycle Shift-Dir - straight line, f/p - Ijyb
Aim: Ijyb, wielding a +0 club, wearing a +0 scale mail and carrying a wand of iceblast (6) (lightly wounded, poisoned, 58% to hit)
You throw a poisoned dart.
The poisoned dart completely misses Ijyb.
Throw: 10 darts (poison)
Press: ? - help, Q - select action, (/) - cycle Shift-Dir - straight line, f/p - Ijyb
Aim: Ijyb, wielding a +0 club, wearing a +0 scale mail and carrying a wand of iceblast (6) (lightly wounded, poisoned, 58% to hit)
You throw a poisoned dart. The poisoned dart hits Ijyb.
Ijyb looks even sicker.
Ijyb is lightly wounded.
Throw: 3 darts (curare)
Press: ? - help, Q - select action, (/) - cycle Shift-Dir - straight line, f/p - Ijyb
Aim: Ijyb, wielding a +0 club, wearing a +0 scale mail and carrying a wand of iceblast (6) (lightly wounded, very poisoned, 58% to hit)
You throw a curare-tipped dart.
The curare-tipped dart barely misses Ijyb.
Ijyb zaps a wand.
The mass of ice explodes!
The iceblast engulfs you!
Ouch! That really hurt!
You die...

.......(.. #
..>.... ### .
#.#.!.###.... #
#.#...(......
#.#....#####.
#.#..(....#
#.#.(..##.##.
#.#...?#[$...
#@#(w.........
######.#...##......
#......g...# #.##.#
#.####.[.#.###.#
###.......#
#(#.###.l. #.#.#
### ..#.# #.. #.
####.#


You could see Ijyb (very poisoned).

Vanquished Creatures
  Jessica (D:3)
  3 adders
  2 worms
  2 endoplasms (D:2)
  A giant cockroach (D:1)
  4 goblins
  4 hobgoblins
  2 jackals (D:3)
  3 ball pythons
  4 bats
  2 frilled lizards
  6 kobolds
  3 rats
37 creatures vanquished.

Notes
Turn   | Place    | Note
-------+----------+-------------------------------------------
     0 | D:1      | Oxelix the Spriggan Brigand began the quest for the Orb.
     0 | D:1      | Reached XP level 1. HP: 10/10 MP: 2/2
    58 | D:1      | Reached skill level 6 in Stealth
   223 | D:1      | Reached XP level 2. HP: 14/14 MP: 3/3
   779 | D:2      | Reached skill level 7 in Stealth
   779 | D:2      | Reached XP level 3. HP: 15/18 MP: 4/4
  1452 | D:3      | Noticed Jessica
  1453 | D:3      | Killed Jessica
  1454 | D:3      | Reached XP level 4. HP: 22/22 MP: 5/5
  1484 | D:3      | Found Zin's Purification Station.
  1487 | D:3      | Found a glowing silver altar of Zin.
  1546 | D:3      | Reached skill level 8 in Stealth
  1546 | D:3      | Found a snail-covered altar of Cheibriados.
  1740 | D:3      | Identified the +5 scale mail "Litsufa" {-Tele rF+++ rCorr
                  | Int-5}
  1749 | D:3      | Noticed Ijyb
  1774 | D:3      | Killed from afar by Ijyb

Illustrated notes

Levels and vault maps discovered:
D:1:      reono_arrival_mine, layout_rooms, hangedman_decor_clover_reticule
D:2:      layout_basic
D:3:      layout_loops_ring, led_sif_book, lemuel_round_altar, zin_purify,
          shapermc_ecumenical_altar_mp_highgroup, uniq_terence, uniq_ijyb,
          uniq_jessica

Skill      XL: |  1  2  3  4 |
---------------+-------------+-----
Stealth        | 6 7 8 |  8.1
Short Blades   | 3 |  3.4
Fighting       | |  1.5
Throwing       | |  2.0
Dodging        | |  1.3

Action                   |  1- 3 |  4- 6 || total
-------------------------+-------+-------++-------
Melee: Dagger            |    77 |    27 ||   104
Throw: Dart              |       |    15 ||    15
 Stab: Sleeping          |    15 |     1 ||    16
Armor: Robe              |     9 |     4 ||    13
Dodge: Dodged            |    50 |    19 ||    69

Table legend: (Time is in decaauts)
 A = Elapsed time spent in this place.
 B = Non-inter-level travel time spent in this place.
 C = Inter-level travel time spent in this place.
 D = Time resting spent in this place.
 E = Time spent auto-exploring this place.
 F = Levels seen in this place.
 G = Mean time per level.
                   A        B        C        D        E       F      G
               +--------+--------+--------+--------+--------+-----+--------+
         Total |   1194 |   1158 |     36 |    150 |    718 |   3 |  398.0 |
       Dungeon |   1194 |   1158 |     36 |    150 |    718 |   3 |  398.0 |
               +--------+--------+--------+--------+--------+-----+--------+

Top non-repeatable levels by time:
     D:2: 678 daAuts
     D:1: 306 daAuts
     D:3: 210 daAuts
